 Dungeon Crawl Stone Soup version 0.30.1-4-g462c640d31 (webtiles) character file.

Game seed: 10674596948954186677

118 lonewolfV2 the Ruffian (level 4, -4/42 HPs)
             Began as a Troll Gladiator on Aug 30, 2023.
             Slain by a gnoll
             ... wielding a +0 spear
              (7 damage)
             ... on level 3 of the Dungeon.
             The game lasted 00:02:21 (2064 turns).

lonewolfV2 the Ruffian (Troll Gladiator)            Turns: 2064, Time: 00:02:22

Health: -4/42      AC:  4    Str: 24    XL:     4   Next: 72%
Magic:  3/3        EV: 10    Int:  4    God:
Gold:   120        SH:  0    Dex: 11    Spells: 3/3 levels left

rFire   . .          .
                       - Unarmed
rCold   . . .        (no shield)
rNeg    . . .        a - +0 robe
rPois   .            b - +0 hat
rElec   .            (no cloak)
rCorr   .            (gloves unavailable)
SInv    .            (boots unavailable)
Will    .....        (no amulet)
Stlth   +            (no ring)
HPRegen 1.07/turn    (no ring)
MPRegen 0.08/turn

%: no passive effects
@: about to teleport
A: large, unfitting armour, claws 3, regeneration 1, shaggy fur 1, tough skin 1
a: no special abilities


You were on level 3 of the Dungeon.
You visited 1 branch of the dungeon, and saw 3 of its levels.

You collected 120 gold pieces.

Inventory:

Missiles
 c - 3 throwing nets (quivered)
 d - a large rock
Armour
 a - a +0 robe (worn)
 b - a +0 hat (worn)
Wands
 i - a wand of roots (14)
Scrolls
 f - a scroll of vulnerability {unknown}
 j - 3 scrolls of identify
 n - a scroll of immolation {unknown}
Potions
 e - 3 potions of attraction
 g - 3 potions of curing {unknown}
 h - a potion of degeneration {unknown}
 k - a potion of lignification {unknown}
 l - a potion of flight {unknown}


   Skills:
 + Level 2.1 Fighting
 + Level 1.9 Throwing
 + Level 3.1 Dodging
 + Level 4.5 Unarmed Combat


You had 3 spell levels left.
You didn't know any spells.
Your spell library contained the following spells:

 Spells                   Type           Power      Damage    Failure   Level
 Shock                    Conj/Air       0%         1d3       50%         1
 Swiftness                Air            0%         N/A       86%         3
 Airstrike                Air            0%         2d(0-16)  99%         4


Dungeon Overview and Level Annotations

Branches:
Dungeon (3/15)

Altars:
Hepliaklqana


Innate Abilities, Weirdness & Mutations

You are too large for most types of armour.
You have claws for hands.
Your natural rate of healing is unusually fast.
You are covered in fur. (AC +1)
You have tough skin. (AC +1)


Message History

The adder is heavily wounded.
The adder barely misses you.
You scratch the adder.
The adder is almost dead.
The adder misses you.
You claw the adder!
You kill the adder!
Found a hazy altar of Hepliaklqana.
You open the door. 2 gnolls come into view.
The gnoll shouts! x2
There are monsters nearby!
A gnoll comes into view. It is wielding a +0 spear.
Found 11 gold pieces.
The gnoll barely misses you.
There is an open door here.
The gnoll shouts!
The gnoll completely misses you.
The gnoll hits you from afar with a +0 spear.
The gnoll barely misses you.
You barely miss the gnoll.
The gnoll hits you from afar with a +0 halberd!
The gnoll hits you from afar with a +0 spear.
The gnoll hits you with a +0 spear.
You claw the gnoll!
You kill the gnoll!
The gnoll closely misses you.
The gnoll hits you from afar with a +0 halberd!
The gnoll hits you with a +0 spear.
* * * LOW HITPOINT WARNING * * *
The gnoll hits you with a +0 halberd!
* * * LOW HITPOINT WARNING * * *
There is an open door, spattered with blood here.
You see here a +0 spear.
You barely miss the gnoll. Your claw misses the gnoll.
The gnoll hits you with a +0 spear.
* * * LOW HITPOINT WARNING * * *
The gnoll hits you but does no damage.
As you read the scroll of teleportation, it crumbles to dust.
You feel strangely unstable. The gnoll hits you with a +0 spear!
You die...

##+###### #..#
########.......# #..#
.......#.......# #..###
.......#.......# #..[..
.......#.......#####.###
.....$.##............#
....... #.############
......g##.##
......g@...#
.#########.# ........##
≈≈≈≈≈≈≈.# #####
..≈≈≈..≈# #....
.≈...≈.≈# #.###
.≈._.≈.≈# #.# §≈...§.§#
#.# ..... §.≈≈§..≈# #.#


You could see 2 gnolls.

Vanquished Creatures
  Robin (D:3)
  A gnoll (D:3)
  3 adders
  A worm (D:2)
  9 ball pythons
  7 bats
  2 endoplasms
  5 giant cockroaches (D:1)
  11 goblins
  9 hobgoblins
  7 jackals (D:2)
  3 kobolds
  A quokka (D:2)
60 creatures vanquished.

Notes
Turn   | Place    | Note
-------+----------+-------------------------------------------
     0 | D:1      | lonewolfV2 the Troll Gladiator began the quest for the Orb.
     0 | D:1      | Reached XP level 1. HP: 19/19 MP: 0/0
   117 | D:1      | Reached XP level 2. HP: 28/28 MP: 1/1
   701 | D:1      | Reached XP level 3. HP: 33/35 MP: 2/2
  1360 | D:2      | Reached skill level 4 in Unarmed Combat
  1778 | D:3      | Reached XP level 4. HP: 42/42 MP: 3/3
  1785 | D:3      | Noticed Robin
  1801 | D:3      | Killed Robin
  2049 | D:3      | Found a hazy altar of Hepliaklqana.
  2063 | D:3      | HP: 2/42 [gnoll/+0 spear (2)]
  2064 | D:3      | Slain by a gnoll

Illustrated notes

Levels and vault maps discovered:
D:1:      dpeg_arrival_long_road, layout_loops_ring, dk_noncrumbling_2,
          minmay_misc_feat_diagonals, minmay_misc_feat_iff, st_stairs_12,
          chequers_serial_rivers_room_b, chequers_serial_rivers_large_a,
          minmay_bisected
D:2:      layout_basic, nrook_loot_triangle, nicolae_titane
D:3:      layout_basic, mainiacjoe_overflow_paths,
          shapermc_ecumenical_altar_venn, corexii_corridor_pit, uniq_robin

Skill      XL: |  1  2  3  4 |
---------------+-------------+-----
Unarmed Combat | 4 |  4.5
Dodging        | 3 |  3.1
Fighting       | 2 |  2.1
Throwing       | |  1.9

Action                     |  1- 3 |  4- 6 || total
---------------------------+-------+-------++-------
  Melee: Unarmed           |   120 |    37 ||   157
         Punch             |     1 |       ||     1
    Use: Scroll            |     5 |     1 ||     6
 Armour: Robe              |    56 |    19 ||    75
  Dodge: Dodged            |    61 |    22 ||    83
